 Dungeon Crawl Stone Soup version 0.21.0-37-g46506fa (webtiles) character file.

14 Wehk the Protected (level 2, 0/20 HPs)
             Began as a Gnoll Wanderer on Jan 31, 2018.
             Slain by a jackal (1 damage)
             ... on level 1 of the Dungeon.
             The game lasted 00:02:11 (964 turns).

Wehk the Protected (Gnoll Wanderer)                  Turns: 964, Time: 00:02:12

Health: 0/20       AC:  2    Str: 14    XL:     2   Next: 45%
Magic:  2/2        EV: 11    Int: 13    God:
Gold:   15         SH:  0    Dex: 15    Spells: 1/1 levels left

rFire    . . .     SeeInvis .   f - +0 dagger
rCold    . . .     Gourm    .   (no shield)
rNeg     . . .     Faith    .   e - +0 robe
rPois    .         Spirit   .   (no helmet)
rElec    .         Reflect  .   (no cloak)
rCorr    .         Harm     .   (no gloves)
MR       .....                  (no boots)
Stlth    ++........             (no amulet)
HPRegen  0.06/turn              (no ring)
MPRegen  0.08/turn              (no ring)

@: no status effects
A: distributed training, fangs 1, strong nose
a: no special abilities


You were on level 1 of the Dungeon.
You were not hungry.

You visited 1 branch of the dungeon, and saw 1 of its levels.

You collected 15 gold pieces.

Inventory:

Hand Weapons
 b - a +0 shortbow
 f - a +0 dagger (weapon)
Missiles
 c - 23 arrows
Armour
 a - a +0 shield
 e - a +0 robe (worn)
Scrolls
 j - a scroll of blinking {unknown}
Potions
 d - a potion of curing
 h - a potion of flight {unknown}
 k - a potion of agility {unknown}
Comestibles
 g - a ration
 i - a chunk of flesh


   Skills:
 + Level 0.4 Fighting
 + Level 0.4 Short Blades
 + Level 0.4 Long Blades
 + Level 2.5 Axes
 + Level 0.4 Maces & Flails
 + Level 0.4 Polearms
 + Level 0.4 Staves
 + Level 0.4 Slings
 + Level 0.4 Bows
 + Level 0.4 Crossbows
 + Level 0.4 Throwing
 + Level 8.5 Armour
 + Level 0.4 Dodging
 + Level 0.4 Stealth
 + Level 4.5 Shields
 + Level 0.4 Unarmed Combat
 + Level 0.4 Spellcasting
 + Level 0.2 Conjurations
 + Level 0.2 Hexes
 + Level 0.2 Charms
 + Level 0.2 Summonings
 + Level 3.7 Necromancy
 + Level 0.2 Translocations
 + Level 0.2 Transmutations
 + Level 0.2 Fire Magic
 + Level 0.2 Ice Magic
 + Level 0.2 Air Magic
 + Level 2.0 Earth Magic
 + Level 0.2 Poison Magic
 + Level 0.5 Invocations
 + Level 0.4 Evocations


You had one spell level left.
You didn't know any spells.

Dungeon Overview and Level Annotations

Branches:
Dungeon (1/15)

Altars:


Innate Abilities, Weirdness & Mutations

Your experience applies equally to all skills.
You have very sharp teeth.
Your uncanny sense of smell can sniff out nearby items.


Message History

The jackal is almost dead.
The jackal bites you.
* * * LOW HITPOINT WARNING * * *
You hit the jackal but do no damage.
The jackal is almost dead.
The jackal closely misses you.
You barely miss the jackal.
The jackal is almost dead.
The jackal bites you but does no damage. x2
You barely miss the jackal. Your bite misses the jackal.
The jackal is severely wounded.
The jackal bites you.
* * * LOW HITPOINT WARNING * * *
You barely miss the jackal.
The jackal is severely wounded.
The jackal barely misses you.
You hit the jackal.
The jackal is almost dead.
The jackal completely misses you. The jackal bites you.
You die...

#.##.........#####
#.#...............
#.#..##......####
#...........####### ##
###...#.###.......#..#
#.#.#.##......#.#..#
#.....##...........#
###.####........##.#
#@# #...........# #h#
#...†....#.## #b#
#####.#.##.## #......#
###.##.( #....#.#
#.##.## #...>. #
#.##.## #......
#...... #....#..
######.## #.......#
..........


You could see a jackal and a bat.

Vanquished Creatures
  2 dart slugs (D:1)
  3 bats (D:1)
  A giant cockroach (D:1)
  A goblin (D:1)
  A jackal (D:1)
  2 rats (D:1)
10 creatures vanquished.

Notes
Turn   | Place    | Note
-------+----------+-------------------------------------------
     0 | D:1      | Wehk the Gnoll Wanderer began the quest for the Orb.
     0 | D:1      | Wehk set off with: a +0 shield, a +0 shortbow, 23 arrows, a potion of curing, a +0 robe, a +0 dagger, a ration
     0 | D:1      | Reached XP level 1. HP: 13/13 MP: 1/1
   441 | D:1      | Reached XP level 2. HP: 11/19 MP: 2/2
   962 | D:1      | HP: 1/20 [jackal (1)]
   964 | D:1      | Slain by a jackal

Skill      XL: |  1 |
---------------+----+-----
Earth Magic    | 2 |  2.0
Fighting       | |  0.4
Short Blades   | |  0.4
Long Blades    | |  0.4
Axes           | |  2.5
Maces & Flails | |  0.4
Polearms       | |  0.4
Staves         | |  0.4
Slings         | |  0.4
Bows           | |  0.4
Crossbows      | |  0.4
Throwing       | |  0.4
Armour         | |  8.5
Dodging        | |  0.4
Stealth        | |  0.4
Shields        | |  4.5
Unarmed Combat | |  0.4
Spellcasting   | |  0.4
Conjurations   | |  0.2
Hexes          | |  0.2
Charms         | |  0.2
Summonings     | |  0.2
Necromancy     | |  3.7
Translocations | |  0.2
Transmutations | |  0.2
Fire Magic     | |  0.2
Ice Magic      | |  0.2
Air Magic      | |  0.2
Poison Magic   | |  0.2
Invocations    | |  0.5
Evocations     | |  0.4

Action                   || total
-------------------------++-------
Melee: Dagger            ||    84
       Bite              ||    13
 Stab: Sleeping          ||     1
Armor: Robe              ||    28
Dodge: Dodged            ||    58
